Map: Kairos Junction LE

Players

lIIllllIIlll (INnoVation) - Winner!

  • Race: Terran Terran
  • Spawn Location: 11:00

Lambo

  • Race: Zerg Zerg
  • League: Master
  • Spawn Location: 5:00

Event: 2019 Assembly Summer

VOD

Have the link to the VOD?

Description

Time

  • Played on: Aug. 1, 2019, 9:20 a.m.
  • Length: 16:30

All games in this series

Show
View Real Time Build Order
Export as new Build Order

lIIllllIIlll Terran - Winner!

Build Orders: Gas First Reaper Expand, Hellion Banshee 

Get SALT Encoding   

  12  0:00  SCV  
  13  0:12  SCV  
  14  0:16  Supply Depot  
  14  0:24  SCV  
  14  0:28  Refinery  
  15  0:38  SCV  
  16  0:45  Barracks  
  16  0:50  SCV  
  17  1:02  SCV  
  18  1:14  SCV  
  19  1:31  Orbital Command  
  19  1:32  Reaper  
  20  1:42  Command Center  
  20  1:54  Factory  
  20  1:57  SCV  
  21  2:05  Barracks Reactor  
  21  2:10  SCV  
  21  2:14  Supply Depot  
  22  2:17  Refinery  
  22  2:22  SCV  
  23  2:35  SCV  
  24  2:43  Starport  
  24  2:45  Hellion x2  
  24  2:47  SCV  
  29  2:52  Barracks Tech Lab  
  29  2:57  Orbital Command  
  29  2:59  SCV  
  30  3:09  Hellion  
  30  3:10  Hellion  
  30  3:12  SCV  
  35  3:20  Marine  
  36  3:28  SCV x2  
  36  3:33  Hellion x2  
  42  3:37  Cloaking Field  
  42  3:40  Banshee  
  41  3:43  Barracks Tech Lab  
  41  3:46  Supply Depot  
  41  3:50  SCV  
  41  3:51  SCV  
  43  4:02  SCV  
  44  4:03  Stimpack, SCV  
  44  4:08  Hellion  
  44  4:09  Hellion  
  49  4:11  Supply Depot, Marine  
  49  4:15  SCV x2  
  52  4:28  Banshee  
  52  4:29  Marine  
  52  4:30  SCV x2  
  53  4:33  Hellion x2  
  54  4:45  SCV x2  
  54  4:46  Command Center  
  54  4:48  Marine  
  54  4:52  Supply Depot  
  56  4:57  SCV  
  56  4:58  SCV  
  58  5:04  Factory Reactor  
  58  5:06  Marine  
  59  5:08  Barracks  
  59  5:10  Barracks, SCV x2  
  61  5:16  Supply Depot  
  61  5:17  Engineering Bay  
  61  5:18  Engineering Bay  
  61  5:24  Marine  
  60  5:29  SCV x2  
  56  5:35  Refinery  
  56  5:37  Refinery  
  56  5:41  Marine, SCV x2  
  59  5:44  Terran Infantry Armor Level 1, Terran Infantry Weapons Level 1  
  59  5:46  Starport Reactor  
  59  5:52  Siege Tank  
  59  5:53  SCV x2  
  64  5:59  Marine x2, Orbital Command  
  64  6:02  Marine  
  67  6:05  Combat Shield, SCV x2  
  67  6:06  Marine x2  
  71  6:17  Marine x2, SCV x2  
  75  6:20  Marine  
  75  6:24  Marine, Siege Tank  
  80  6:28  Medivac x2  
  80  6:29  Orbital Command  
  80  6:30  SCV  
  80  6:31  SCV  
  80  6:32  Supply Depot, Marine  
  86  6:34  Supply Depot  
  86  6:35  Marine x2  
  89  6:41  Marine  
  89  6:42  Marine  
  89  6:43  SCV x2  
  89  6:46  Armory  
  93  6:54  Supply Depot, Marine x3  
  96  6:56  SCV x3  
  96  6:58  Medivac x2  
  103  7:03  Marine x2, Siege Tank  
  108  7:11  Marine  
  108  7:13  Supply Depot  
  108  7:14  Supply Depot  
  109  7:15  Marine x2, SCV x2  
  109  7:16  SCV  
  114  7:25  Marine x2  
  114  7:28  SCV  
  117  7:31  Marine, SCV x2  
  117  7:33  Marine x2  
  114  7:40  SCV  
  114  7:41  Siege Tank  
  114  7:43  Marine x2, SCV x2  
  122  7:44  Terran Infantry Weapons Level 2  
  122  7:46  Terran Infantry Armor Level 2  
  122  7:49  Marine  
  122  7:51  Marine x2  
  122  7:52  SCV  
  122  7:55  SCV x2  
  127  8:01  Marine x2  
  127  8:04  Barracks x2  
  124  8:06  Medivac x2  
  124  8:07  Marine  
  124  8:09  SCV x3  
  127  8:16  Supply Depot  
  127  8:17  Refinery, Siege Tank  
  127  8:18  Supply Depot  
  130  8:20  Refinery  
  130  8:24  Marine x2  
  130  8:25  Marine x2  
  133  8:27  Terran Vehicle Weapons Level 1  
  133  8:34  Supply Depot  
  133  8:35  Supply Depot  
  133  8:37  Marine  
  134  8:42  Marine x4  
  134  8:46  Command Center  
  138  8:49  Siege Tank  
  138  8:55  Marine  
  140  8:56  Medivac x2, Barracks Reactor  
  140  8:59  Barracks Reactor  
  144  9:04  Marine x4  
  146  9:12  Supply Depot  
  146  9:13  Supply Depot x2, Marine  
  146  9:15  Supply Depot  
  147  9:22  Marine x2  
  149  9:28  Factory  
  149  9:33  Marine, Siege Tank, Medivac x2  
  149  9:34  Marine x2  
  149  9:35  Marine  
  149  9:37  Marine  
  149  9:38  Marine  
  161  9:44  Marine x3  
  165  9:51  Marine  
  165  9:52  Marine x2  
  153  9:53  SCV x3  
  153  9:56  Marine x3  
  145  10:02  Marine  
  145  10:03  Medivac  
  145  10:05  SCV  
  145  10:06  Marine x2, Siege Tank  
  152  10:09  Marine  
  152  10:10  Marine  
  154  10:18  Factory Tech Lab  
  154  10:20  SCV x3  
  157  10:28  Terran Infantry Weapons Level 3  
  157  10:42  Supply Depot x2  
  157  10:44  Supply Depot  
  157  10:54  Marine x7  
  155  10:57  Siege Tank  
  155  11:02  Marine  
  155  11:03  Marine, Siege Tank  
  157  11:12  Marine x5  
  154  11:21  Supply Depot  
  154  11:22  Supply Depot x2  
  154  11:24  Marine x4  
  154  11:25  Supply Depot x3  
  131  11:30  Marine x2  
  128  11:33  Siege Tank  
  128  11:36  SCV x2  
  128  11:37  SCV  
  127  11:53  Terran Infantry Armor Level 3, SCV x3  
  130  11:54  Marine x2  
  130  11:55  Marine  
  133  12:07  Siege Tank x2  
  139  12:09  Medivac  
  139  12:10  Medivac  
  139  12:11  Marine x4  
  138  12:27  Terran Vehicle Weapons Level 2  
  138  12:29  Marine x6  
  144  12:31  Command Center  
  139  12:38  Liberator  
  139  12:39  Liberator  
  139  12:40  Supply Depot  
  139  12:42  Supply Depot  
  139  12:43  Marine  
  139  12:44  Marine x2  
  137  12:47  Marine x6  
  149  13:01  Marine  
  149  13:02  Siege Tank x2  
  156  13:07  Marine  
  156  13:12  Marine x4  
  161  13:24  Barracks  
  161  13:26  Barracks  
  160  13:36  Marine, Siege Tank x2  
  160  13:37  Marine, Marauder  
  167  13:44  SCV x3  
  168  14:02  Marine x3  
  163  14:03  Marauder  
  163  14:05  Liberator, SCV x3  
  168  14:16  Liberator, Barracks Tech Lab x2  
  168  14:17  Marine x5  
  168  14:20  Marine x2  
  180  14:24  Marauder  
  180  14:31  Sensor Tower  
  183  14:42  Planetary Fortress  
  183  14:46  Marauder  
  183  14:47  Marauder  
  183  14:49  Concussive Shells  
  187  14:54  Marine x3  
  187  14:55  Liberator  
  187  14:58  Siege Tank  
  187  14:59  Liberator  
  183  15:03  Marauder  
  183  15:04  Marine  
  173  15:07  Marine x2  
  173  15:08  Marauder x2  
  182  15:19  Siege Tank  
  184  15:28  Marine x2  
  184  15:29  Marine x3  
  184  15:32  Orbital Command  
  154  15:43  Marine x3, Marauder x3  
  121  15:55  Marine  
  125  16:04  Marauder  
  125  16:07  Marauder x2  
  125  16:10  Marine  
  129  16:11  Marine  
  129  16:12  Marine  
Show
View Real Time Build Order
Export as new Build Order

Lambo Zerg 

Build Orders: Hatch First 

Get SALT Encoding   

  12  0:00  Drone  
  13  0:12  Overlord  
  13  0:17  Drone  
  14  0:30  Drone x2  
  16  0:47  Hatchery  
  15  0:50  Drone  
  15  0:54  Drone  
  17  0:58  Drone  
  18  1:08  Extractor  
  17  1:12  Spawning Pool  
  17  1:16  Drone  
  17  1:19  Drone  
  18  1:27  Drone  
  19  1:38  Drone  
  20  1:49  Drone  
  21  1:59  Queen x2  
  21  2:00  Zergling x4  
  27  2:14  Hatchery  
  26  2:18  Overlord  
  26  2:21  Drone  
  27  2:24  Drone  
  28  2:35  Queen  
  30  2:37  Metabolic Boost  
  30  2:41  Drone  
  32  2:44  Drone  
  32  2:47  Overlord  
  32  2:53  Drone x2  
  32  2:56  Drone  
  35  2:58  Drone  
  36  3:09  Drone  
  36  3:10  Drone x3  
  36  3:12  Drone  
  41  3:15  Queen  
  43  3:23  Zergling x2  
  43  3:25  Spore Crawler  
  42  3:29  Drone x2  
  43  3:35  Drone x2  
  43  3:38  Drone x2  
  43  3:39  Drone  
  49  3:45  Overlord  
  49  3:49  Queen, Extractor  
  51  3:55  Overlord  
  51  4:03  Zergling x2  
  51  4:06  Zergling x8  
  51  4:07  Queen  
  58  4:21  Drone x8  
  58  4:23  Drone  
  60  4:26  Drone  
  58  4:34  Spore Crawler, Drone x2  
  59  4:39  Spore Crawler  
  59  4:42  Spore Crawler  
  59  4:43  Drone  
  57  4:46  Drone x2  
  57  4:48  Drone  
  57  4:49  Drone  
  61  4:53  Baneling Nest  
  61  4:57  Drone x3  
  63  5:01  Drone  
  63  5:04  Lair  
  63  5:05  Drone  
  63  5:07  Drone  
  65  5:16  Overlord x2  
  65  5:19  Extractor x2  
  63  5:21  Drone  
  63  5:22  Drone x2, Evolution Chamber  
  63  5:23  Evolution Chamber  
  63  5:25  Drone x2  
  63  5:27  Drone  
  62  5:30  Drone x2  
  62  5:31  Drone  
  62  5:35  Drone x3  
  67  5:39  Drone x2  
  67  5:40  Drone  
  67  5:41  Drone  
  71  5:44  Drone  
  71  5:46  Drone x2  
  71  5:49  Drone  
  75  5:53  Zerg Melee Weapons Level 1  
  75  5:56  Zerg Ground Armor Level 1, Extractor  
  75  5:57  Drone  
  75  5:58  Drone  
  75  5:59  Drone  
  77  6:07  Drone x5  
  81  6:16  Overlord  
  81  6:17  Extractor  
  80  6:23  Overlord  
  80  6:26  Hatchery  
  80  6:27  Overlord  
  80  6:29  Overlord  
  80  6:31  Overlord  
  79  6:33  Overlord  
  79  6:34  Zergling x4  
  79  6:35  Baneling x3  
  79  6:36  Zergling x8  
  79  6:39  Zergling x6  
  88  6:41  Centrifical Hooks  
  88  6:43  Zergling x2  
  88  6:45  Zergling x2  
  88  6:46  Zergling x4  
  92  6:50  Zergling x6  
  92  6:54  Zergling x2  
  96  6:58  Zergling x2  
  97  7:02  Zergling x2  
  97  7:04  Zergling x6  
  97  7:06  Zergling x2  
  102  7:10  Baneling x2  
  102  7:11  Baneling x3  
  102  7:12  Zergling x8  
  106  7:17  Zergling x2  
  106  7:18  Zergling x6  
  106  7:22  Zergling x2  
  107  7:26  Baneling  
  107  7:27  Zergling x4  
  107  7:30  Zergling x2  
  107  7:35  Zergling x6  
  104  7:38  Queen  
  104  7:39  Queen  
  104  7:40  Zergling x10  
  104  7:41  Baneling x2  
  112  7:45  Zergling x4  
  112  7:46  Zergling x6  
  113  7:53  Zergling x6  
  113  7:55  Hatchery  
  115  8:02  Zergling x2  
  115  8:04  Zergling x2  
  115  8:05  Zergling x2  
  110  8:10  Zergling x6  
  110  8:14  Zerg Melee Weapons Level 2, Zerg Ground Armor Level 2  
  110  8:16  Zergling x12  
  116  8:20  Zergling x6  
  116  8:23  Baneling x3  
  116  8:24  Baneling x2  
  118  8:28  Drone x2  
  118  8:33  Zergling x2  
  118  8:34  Infestation Pit  
  120  8:38  Overseer  
  120  8:39  Zergling x4  
  121  8:45  Baneling x7  
  121  8:46  Overlord x2  
  121  8:47  Baneling  
  121  8:48  Baneling x3  
  121  8:50  Overlord  
  121  8:52  Overlord  
  121  8:54  Zergling x2  
  122  8:55  Baneling x2  
  122  8:57  Overlord  
  122  8:58  Overlord  
  122  9:01  Overlord  
  122  9:02  Overlord  
  119  9:04  Overlord  
  119  9:07  Zergling x2  
  119  9:08  Zergling x14  
  123  9:13  Zergling x8  
  127  9:19  Hive  
  127  9:20  Drone x3, Queen  
  132  9:27  Zergling x8  
  132  9:28  Baneling x3  
  132  9:31  Zergling x4  
  137  9:40  Zergling x6  
  137  9:41  Zergling x6  
  141  9:48  Zergling x4  
  141  9:49  Baneling x5  
  138  9:54  Zergling x10  
  138  9:58  Zergling x4  
  142  10:01  Baneling x4, Queen x3  
  142  10:06  Zergling x2  
  142  10:07  Zergling x14  
  148  10:10  Zergling x2  
  148  10:13  Zergling x4  
  151  10:18  Zergling x4  
  153  10:24  Zergling x2  
  153  10:25  Zergling x2  
  149  10:33  Zergling x18  
  149  10:34  Baneling x4  
  157  10:39  Hatchery  
  157  10:42  Zergling x14  
  159  10:45  Zergling x2  
  159  10:47  Baneling x5  
  156  10:51  Zergling x4  
  156  10:56  Zergling x2  
  150  11:04  Zergling x12  
  154  11:15  Zergling x6  
  148  11:22  Zergling x8  
  127  11:27  Zergling x2  
  127  11:29  Overseer, Baneling x2  
  127  11:30  Baneling x5  
  123  11:35  Ultralisk Cavern  
  123  11:38  Baneling x5, Zergling x10  
  123  11:41  Zerg Ground Armor Level 3  
  123  11:44  Zergling x4  
  125  11:48  Adrenal Glands, Zergling x2  
  125  11:53  Zergling x6  
  129  11:55  Zerg Melee Weapons Level 3  
  129  11:58  Zergling x2  
  130  12:02  Baneling  
  130  12:04  Zergling x16  
  133  12:11  Zergling x2  
  133  12:15  Baneling x7  
  132  12:19  Zergling x8  
  132  12:23  Zergling x2  
  132  12:25  Chitinous Plating  
  131  12:41  Overlord x3  
  131  12:42  Overlord  
  131  12:43  Zergling x10  
  136  12:44  Baneling x5  
  136  13:06  Ultralisk  
  136  13:07  Ultralisk x2  
  136  13:08  Hatchery  
  136  13:09  Zergling x20  
  157  13:21  Overlord x3  
  154  13:29  Zergling x16  
  156  13:41  Ultralisk x2  
  160  13:44  Zergling x12  
  165  13:52  Anabolic Synthesis  
  164  14:00  Zergling x22  
  174  14:05  Baneling  
  174  14:06  Baneling x4  
  174  14:12  Zergling x2  
  174  14:13  Zergling x14  
  181  14:25  Zergling x8  
  185  14:37  Queen x3  
  189  14:42  Spore Crawler  
  186  14:47  Ultralisk  
  186  14:52  Zergling x6  
  187  14:56  Zergling x4  
  171  15:01  Zergling x4  
  169  15:08  Drone x3  
  169  15:13  Baneling x8  
  169  15:24  Zergling x16  
  171  15:30  Zergling x10  
  171  15:33  Zergling x4  
  169  15:37  Zergling x8  
  169  15:42  Zergling x8  
  141  15:45  Zergling x4  
  141  15:46  Zergling x2  
  101  15:53  Zergling x2  
  101  15:56  Zergling x6  
  99  15:57  Baneling x2  
  99  16:00  Zergling x8  
  103  16:05  Baneling x5  
  103  16:06  Zergling x6  
  103  16:08  Zergling x2  
  103  16:11  Zergling x2  
  102  16:12  Zergling x2  
Tags
 
Add a new tag
Caveats
  • Supply blocks, unpowered buildings, or Contaminate may cause inaccurate times.
  • Supply counts are checked every 10 seconds.